 Dungeon Crawl Stone Soup version 0.17-a0-1763-g847a857 (webtiles) character file.

77 Grim the Shooter (level 4, -6/31 HPs)
             Began as a High Elf Hunter on Sept 4, 2015.
             Was an Initiate of Dithmenos.
             Mangled by Sigmund
             ... wielding a +0 scythe
              (11 damage)
             ... on level 4 of the Dungeon.
             The game lasted 00:07:36 (2927 turns).

Grim the Shooter (High Elf Hunter)                  Turns: 2927, Time: 00:07:36

Health: -6/31      AC:  4    Str: 11    XL:     4   Next: 14%
Magic:  5/5        EV: 12    Int: 15    God:    Dithmenos [......]
Gold:   117        SH:  0    Dex: 16    Spells: 0 memorised, 3 levels left

rFire  . . .     SeeInvis .     c - +0 short sword
rCold  . . .     Clarity  .     d - +0 leather armour
rNeg   + . .     SustAt   .     (no shield)
rPois  +         Gourm    .     (no helmet)
rElec  .         Spirit   .     (no cloak)
rCorr  .         Warding  .     f - +0 pair of gloves (curse)
rMut   .         Stasis   .     (no boots)
MR     .....                    l - amulet of rage
Stlth  ++........               i - ring of positive energy
                                g - ring of poison resistance

@: not resistant to hostile enchantments, unstealthy
A: no striking features
a: Renounce Religion, Evoke Berserk Rage


You were on level 4 of the Dungeon.
You worshipped Dithmenos.
Dithmenos was noncommittal.
You were hungry.

You visited 1 branch of the dungeon, and saw 4 of its levels.

You collected 117 gold pieces.

Inventory:

Hand weapons
 a - a +1 shortbow
 c - a +0 short sword (weapon)
Missiles
 b - 13 arrows
Armour
 d - a +0 leather armour (worn)
 f - a cursed +0 pair of gloves (worn)
Jewellery
 g - a ring of poison resistance (left hand)
 i - a ring of positive energy (right hand)
 l - an amulet of rage (around neck)
Scrolls
 h - 3 scrolls of random uselessness
 k - a scroll of identify
 n - a scroll of recharging {unknown}
 p - a scroll of enchant armour {unknown}
 t - a scroll of immolation {unknown}
 u - a scroll of remove curse {unknown}
Potions
 j - a potion of heal wounds {unknown}
 o - 2 potions of might {unknown}
 q - a potion of degeneration {unknown}
 r - a potion of resistance {unknown}
Comestibles
 e - 2 bread rations
 m - 2 meat rations
 s - a beef jerky


   Skills:
 + Level 3.3 Fighting
 + Level 6.6 Bows
 - Level 2.1 Dodging
 - Level 1.1 Stealth


You had 3 spell levels left.
You didn't know any spells.

Dungeon Overview and Level Annotations

Branches:
Dungeon (4/15)
 Temple: D:4-7

Altars:
Dithmenos
Fedhas

Annotations:
D:3 Rationalist's ghost, average FoFi
D:4 Edmund; Sigmund


Message History

Aim: Sigmund, wielding a scythe and wearing a runed robe (severely wounded)
You shoot an arrow. The arrow barely misses Sigmund.
Sigmund casts a spell.
Sigmund flickers and vanishes!
Deactivating autopickup; reactivate with Ctrl-A.
No target in view!
You are now empty-handed.
Something hits you!
* * * LOW HITPOINT WARNING * * *
Wear which item? (? for menu, Esc to quit)
Okay, then.
Wield which item (- for none, * to show all)? (? for menu, Esc to quit)
c - a +0 short sword (weapon)
You closely miss something.
You hear some strange, mumbled words.
Something tries to affect you, but you resist.
You barely miss something. Something hits you.
* * * LOW HITPOINT WARNING * * *
You closely miss something. Something hits you!
You die...

###.....#.........
#.....###.###.##.
###.##.##.##.
...#####.........
........>####...#
...#####.# #.# ##
#.# ##.##....
.#####.####........
............@####.##
#.##.##.....{# #
#####..# #(.# #....
#.(#.. #..#.... #((#
... .(# #.


There were no monsters in sight!

Vanquished Creatures
  An adder (D:2)
  An ooze (D:2)
  3 worms
  2 giant geckos (D:2)
  An orc (D:3)
  A ball python (D:3)
  3 giant cockroaches
  3 goblins
  8 hobgoblins
  3 jackals (D:2)
  6 kobolds
  8 bats
  3 giant newts
  7 rats
50 creatures vanquished.

Notes
Turn   | Place    | Note
--------------------------------------------------------------
     0 | D:1      | Grim the High Elf Hunter began the quest for the Orb.
     0 | D:1      | Reached XP level 1. HP: 14/14 MP: 2/2
   273 | D:1      | Reached XP level 2. HP: 18/20 MP: 3/3
   779 | D:2      | Found a shadowy altar of Dithmenos.
   828 | D:2      | Became a worshipper of Dithmenos the Shadowed
   953 | D:2      | Reached skill level 6 in Bows
  1050 | D:2      | Reached XP level 3. HP: 25/25 MP: 4/4
  1928 | D:3      | Noticed Rationalist's ghost (average FoFi)
  1945 | D:3      | HP: 1/26 [Rationalist's ghost (11)]
  2355 | D:3      | Reached XP level 4. HP: 31/31 MP: 5/5
  2627 | D:3      | Found a blossoming altar of Fedhas.
  2813 | D:4      | Noticed Edmund
  2906 | D:4      | Noticed Sigmund
  2927 | D:4      | Mangled by Sigmund

Vault maps used:
D:1:      shiori_shiawase, minmay_bisected
D:2:      nicolae_dithmenos_shadow_blocks
D:3:      lemuel_coloured_pillars_altar
D:4:      old_standard_altar, elyvilon_altar_3, uniq_grinder, uniq_robin,
          uniq_edmund, uniq_sigmund

Action                   |  1- 3 |  4- 6 || total
-------------------------+-------+-------++-------
Melee: Short sword       |     1 |    11 ||    12
 Fire: Shortbow          |   136 |    17 ||   153
  Use: Potion            |     4 |       ||     4
       Scroll            |     3 |       ||     3
 Stab: Sleeping          |       |     1 ||     1
  Eat: Chunk             |     3 |     2 ||     5
